 Dungeon Crawl Stone Soup version 0.22-a0-605-g9281fa2 (webtiles) character file.

2 Amnesiac the Magician (level 1, -2/11 HPs)
             Began as a Deep Elf Transmuter on July 8, 2018.
             Slain by a hobgoblin
             ... wielding a cursed -1 club
              (3 damage)
             ... on level 1 of the Dungeon.
             The game lasted 00:00:19 (57 turns).

Amnesiac the Magician (Deep Elf Transmuter)           Turns: 57, Time: 00:00:20

Health: -2/11      AC:  2    Str:  7    XL:     1   Next: 25%
Magic:  5/6        EV: 13    Int: 17    God:
Gold:   0          SH:  0    Dex: 15    Spells: 5/6 levels left

rFire    . . .     SeeInvis .     - Unarmed
rCold    . . .     Gourm    .   (no shield)
rNeg     . . .     Faith    .   b - +0 robe
rPois    .         Spirit   .   (no helmet)
rElec    .         Reflect  .   (no cloak)
rCorr    .         Harm     .   (no gloves)
MR       .....                  (no boots)
Stlth    +.........             (no amulet)
HPRegen  0.03/turn              (no ring)
MPRegen  0.10/turn              (no ring)

@: appendage
A: horns 2
a: End Transformation


You were on level 1 of the Dungeon.
You were not hungry.
You had grown temporary horns.
You visited 1 branch of the dungeon, and saw 1 of its levels.

Inventory:

Missiles
 a - 12 arrows
Armour
 b - a +0 robe (worn)
Jewellery
 f - a cursed amulet of inaccuracy {unknown}
Scrolls
 c - a scroll of immolation {!r, unknown}
 e - a scroll of noise {!r, unknown}
Comestibles
 d - a ration


   Skills:
 - Level 0.7 Fighting
 - Level 2.4 Dodging
 - Level 2.4 Unarmed Combat
 - Level 3.0 Spellcasting
 + Level 2.4 Transmutations


You had 5 spell levels left.
You knew the following spells:

 Your Spells              Type           Power        Failure   Level  Hunger
a - Beastly Appendage     Tmut           ##....       6%          1    None

Your spell library contained the following spells:

 Spells                   Type           Power        Failure   Level  Hunger
 Spider Form              Tmut/Pois      #.........   32%         3    ###....
 Blade Hands              Tmut           ##........   87%         5    ######.
 Ice Form                 Ice/Tmut       #.......     71%         4    ####...
 Sticks to Snakes         Tmut           ##......     10%         2    ##.....


Dungeon Overview and Level Annotations

Branches:
Dungeon (1/15)

Altars:


Innate Abilities, Weirdness & Mutations

You have a pair of horns on your head.


Message History

Welcome, Amnesiac the Deep Elf Transmuter.
The bosom of this dungeon contains the fabled artefact, the Orb of Zot.
Press ? for a list of commands and other information.
Found a staircase leading out of the dungeon.
You open the door.
There is an open door here.
You open the door.
There is an open door here.
You open the door.
There is an open door here.
c - a scroll labeled GEEBIZ REDE {!r} You open the door.
A rat comes into view.
Found a scroll labeled KOEBLA HYROMN and a club.
There is an open door here.
You barely miss the rat. You hit the rat but do no damage. The rat bites you.
You hit the rat.
You kill the rat!
No target in view!
e - a scroll labeled KOEBLA HYROMN {!r} You open the door.
There is an open door here.
f - a small golden amulet HP restored.
As you open the door, it creaks loudly!
A goblin and a hobgoblin come into view.
The goblin shouts!
The hobgoblin shouts!
Casting: Beastly Appendage (safe; 7% risk of failure)
Confirm with . or Enter, or press ? or * to list all spells.
Okay, then.
Okay, then.
There is an open door here.
There is an open door here.
Casting: Beastly Appendage (safe; 7% risk of failure)
Confirm with . or Enter, or press ? or * to list all spells.
You grow a pair of large bovine horns.
Firing (i - inventory) No suitable missiles.
Press: ? - help, Shift-Dir - straight line, f - goblin
Aim: a goblin
Okay, then.
You hit the goblin.
The goblin is severely wounded.
The goblin hits you.
You barely miss the goblin.
The goblin is severely wounded.
You miss the goblin.
The goblin is severely wounded.
The goblin hits you.
You hit the goblin.
You kill the goblin!
The hobgoblin hits you with a club.
* * * LOW HITPOINT WARNING * * *
You closely miss the hobgoblin. The hobgoblin hits you with a club.
* * * LOW HITPOINT WARNING * * *
You hit the hobgoblin but do no damage. The hobgoblin hits you with a club.
You die...

#........# ....
#........##.g...
#........g...g..
#........#######
#........#.'..#
#........#'#..#
#........#<##'##
######g#####...#
#.....#@..#
#.....g...#
#.....#####
#)....# #.....#
#######


You could see a hobgoblin.

Vanquished Creatures
  A goblin (D:1)
  A rat (D:1)
2 creatures vanquished.

Notes
Turn   | Place    | Note
-------+----------+-------------------------------------------
     0 | D:1      | Amnesiac the Deep Elf Transmuter began the quest for the Orb.
     0 | D:1      | Reached XP level 1. HP: 11/11 MP: 6/6
    57 | D:1      | Slain by a hobgoblin

Vault maps used:
D:1:      evilmike_arrival_fibonacci_small

Action                   || total
-------------------------++-------
Melee: Unarmed           ||     9
 Cast: Beastly Appendage ||     1

Table legend:
 A = Spawn XP
 B = Non-spawn XP
 C = Spawn XP percentage of total XP
 D = Spawn monster count
 E = Non-spawn monster count
 F = Spawn count percentage of total count
 G = Total turns spent on level
                    A         B        C        D         E        F      G
               +---------+---------+-------+---------+---------+-------+---------
         Total |       0 |       3 |   0.0 |       0 |       2 |   0.0 |    57
               +---------+---------+-------+---------+---------+-------+---------
           D:1 |       0 |       3 |   0.0 |       0 |       2 |   0.0 |    57
               +---------+---------+-------+---------+---------+-------+---------
